 Dungeon Crawl Stone Soup version 0.29.1-15-g9cfb28693d (webtiles) character file.

Game seed: 18242764717954219480

48651 protoss039 the Fighter (level 14, -6/113 HPs)
             Began as a Demonspawn Earth Elementalist on Mar 13, 2023.
             Was a High Priest of Vehumet.
             Mangled by an eight-headed hydra (11 damage)
             ... on level 5 of the Lair of Beasts.
             The game lasted 00:38:12 (21733 turns).

protoss039 the Fighter (DsEE)                      Turns: 21733, Time: 00:38:12

Health: -6/113     AC: 15    Str:  8    XL:     14   Next: 13%
Magic:  13/37      EV: 13    Int: 24    God:    Vehumet [*****.]
Gold:   669        SH:  5    Dex: 15    Spells: 11/33 levels left

rFire   . . .      SeeInvis .   v - +9 dagger (venom)
rCold   . . .      Faith    .   (no shield)
rNeg    . . .      Spirit   .   N - +0 steam dragon scales
rPois   +          Reflect  +   V - +1 helmet {Int+3}
rElec   .          Harm     .   H - +0 cloak
rCorr   .          Rampage  .   q - +0 pair of gloves
Will    +....                   y - +0 pair of boots
Stlth   ++........              x - amulet of reflection
HPRegen 4.28/turn               h - ring of poison resistance
MPRegen 0.25/turn               w - ring of magical power

@: studying Maces & Flails
A: hooves 2, yellow scales 2, powered by death 2, demonic magic 3
a: Renounce Religion


You were on level 5 of the Lair of Beasts.
You worshipped Vehumet.
Vehumet was extremely pleased with you.
You visited 3 branches of the dungeon, and saw 19 of its levels.

You collected 1191 gold pieces.
You spent 522 gold pieces at shops.

Inventory:

Hand Weapons
 n - a +2 whip of electrocution
 p - the +10 long sword of Zoepepli {drain, *Noise rN++ Dex+6}
   (You found it on level 4 of the Dungeon)

   A truly terrible weapon, it drains the life of any living foe it strikes.
   Dex:       It affects your dexterity (+6).
   rN:        It greatly protects you from negative energy.
   *Noise:    It may make noises in combat.
 v - a +9 dagger of venom (weapon)
 K - the +5 rapier "Laops" {freeze, rC++ Str-5}
   (You bought it in a shop on level 8 of the Dungeon)

   It freezes those it strikes, dealing additional cold damage.
   It can also slow down cold-blooded creatures.
   Str:       It affects your strength (-5).
   rC:        It greatly protects you from cold.
Armour
 q - a +0 pair of gloves (worn)
 y - a +0 pair of boots (worn)
 H - a +0 cloak (worn)
 N - +0 steam dragon scales (worn)
 V - a +1 helmet of intelligence (worn)
Magical Staves
 t - a staff of earth
 Q - a staff of fire
Jewellery
 h - a ring of poison resistance (left hand)
 j - a ring of fire
 o - a ring of ice
 w - a ring of magical power (right hand)
 x - an amulet of reflection (around neck)
 T - a ring of resist corrosion
 Z - a +4 ring of protection
Wands
 A - a wand of iceblast (11)
 D - a wand of quicksilver (21)
 G - a wand of flame (18)
 S - a wand of charming (11)
 Y - a wand of polymorph (12)
Scrolls
 c - 2 scrolls of enchant weapon
 d - 2 scrolls of magic mapping
 e - 12 scrolls of teleportation
 g - a scroll of identify
 B - a scroll of brand weapon {unknown}
 C - 3 scrolls of fear
 F - a scroll of summoning {unknown}
 I - 2 scrolls of blinking {unknown}
 J - 2 scrolls of amnesia {unknown}
 L - 3 scrolls of vulnerability {unknown}
 M - a scroll of poison {unknown}
 W - 3 scrolls of immolation {unknown}
 X - 2 scrolls of butterflies {unknown}
Potions
 a - 3 potions of brilliance {unknown}
 b - 2 potions of magic
 f - a potion of berserk rage {unknown}
 i - a potion of cancellation {unknown}
 k - 3 potions of might
 l - 7 potions of curing
 m - 3 potions of mutation {unknown}
 r - 2 potions of lignification {unknown}
 s - 3 potions of ambrosia {unknown}
 z - 2 potions of invisibility {unknown}
 E - 2 potions of heal wounds {unknown}
 O - 2 potions of flight {unknown}
 P - a potion of degeneration {unknown}
 R - 2 potions of attraction {unknown}
 U - 2 potions of resistance {unknown}


   Skills:
 + Level 11.2 Fighting
 + Level 6.9 Armour
 - Level 3.0 Dodging
 - Level 3.0 Stealth
 + Level 10.4 Spellcasting
 + Level 10.4 Conjurations
 - Level 3.0 Translocations
 - Level 3.0 Transmutations
 - Level 3.0 Fire Magic
 + Level 4.4 Air Magic
 + Level 10.7 Earth Magic
 + Level 4.7 Poison Magic


You had 11 spell levels left.
You knew the following spells:

 Your Spells              Type           Power      Damage    Failure   Level
a - Sandblast             Erth           100%       2d20      1%          1
b - Passwall              Tmut/Erth      37%        N/A       1%          2
c - Stone Arrow           Conj/Erth      100%       3d13      1%          3
d - Static Discharge      Conj/Air       48%        3-9/arc   1%          2
e - Iskenderun's Mystic   Conj/Tloc      44%        2d10      1%          4
f - Olgreb's Toxic Radia  Pois           35%        N/A       1%          4
g - Conjure Ball Lightni  Conj/Air       24%        3x3d7     11%         6

Your spell library contained the following spells:

 Spells                   Type           Power      Damage    Failure   Level
 Ozocubu's Refrigeration  Ice            6%         4d8       100%        7
 Apportation              Tloc           52%        N/A       1%          1
 Freeze                   Ice            48%        1d7       1%          1
 Hailstorm                Conj/Ice       37%        3d9       1%          4
 Petrify                  Tmut/Erth      45%        N/A       3%          4
 Necrotise                Necr           48%        1d6       4%          1
 Summon Small Mammal      Summ           48%        N/A       4%          1
 Frozen Ramparts          Ice            24%        1d4       4%          3
 Portal Projectile        Hex/Tloc       38%        N/A       9%          3
 Corpse Rot               Necr/Pois/Air  27%        N/A       14%         4
 Tukima's Dance           Hex            12%        N/A       16%         3
 Blade Hands              Tmut           13%        N/A       38%         5
 Anguish                  Hex/Necr       6%         N/A       45%         4
 Dispel Undead            Necr           12%        3d9       45%         4
 Death Channel            Necr           6%         N/A       100%        6
 Enfeeble                 Hex            6%         N/A       100%        7


Dungeon Overview and Level Annotations

Branches:
Dungeon (13/15) Zot: 26046  Temple (1/1) D:5 Zot: 5951    Lair (5/5) D:11 Zot: 24228
  Swamp (0/4) Lair:3        Snake (0/4) Lair:3        Slime (0/5) Lair:4
    Orc (0/2) D:10
 Vaults: D:13-14

Altars:
Ashenzari
Cheibriados
Dithmenos
Fedhas
Gozag
Hepliaklqana
Kikubaaqudgha
Makhleb
Nemelex Xobeh
Okawaru
Qazlal
Ru
Sif Muna
Trog
Uskayaw
Vehumet
Wu Jian
Xom
Yredelemnul
Jiyva

Shops:
D:3 (   D:5 =   D:8 (   D:12 [

Annotations:
D:4 Edmund
D:10 2 transporters, XSreality's ghost, journeyman MiBe
Lair:2 2 transporters, Haxyobbu's ghost, journeyman MiFi


Innate Abilities, Weirdness & Mutations

You have hoof-like feet.
You are mostly covered in yellow scales. (AC +3)
You regenerate health from kills.
Spells you cast and wands you use may paralyse nearby enemies.


Message History

Press: ? - help, Shift-Dir - straight line, f - seven-headed hydra
Aim: a seven-headed hydra (moderately wounded, paralysed, fleeing, 100% to hit)
Okay, then.
Okay, then.
Okay, then.
Okay, then.
Unknown command.
Casting: Stone Arrow (safe; 1% risk of failure)
Confirm with . or Enter, or press ? or * to list all spells.
Aiming: Stone Arrow (safe; 1% risk of failure)
Press: ? - help, Shift-Dir - straight line, f - eight-headed hydra
Aim: an eight-headed hydra (severely wounded, 92% to hit)
The stone arrow hits the eight-headed hydra!
The eight-headed hydra is almost dead.
Malevolent energies surge around you.
The blink frog blinks! x3
The eight-headed hydra bites you but does no damage.
The eight-headed hydra closely misses you.
The eight-headed hydra bites you.
* * * LOW HITPOINT WARNING * * *
The eight-headed hydra bites you!
* * * LOW HITPOINT WARNING * * *
The eight-headed hydra bites you but does no damage.
The eight-headed hydra misses you.
The eight-headed hydra bites you but does no damage.
The eight-headed hydra barely misses you.
Unknown command.
Unknown command.
Casting: Stone Arrow (safe; 1% risk of failure)
Confirm with . or Enter, or press ? or * to list all spells.
Aiming: Stone Arrow (safe; 1% risk of failure)
Press: ? - help, Shift-Dir - straight line, f/p - eight-headed hydra
Aim: an eight-headed hydra (almost dead, 92% to hit)
The stone arrow misses the eight-headed hydra.
Malevolent energies surge around you.
You block the eight-headed hydra's attack.
The eight-headed hydra misses you.
You block the eight-headed hydra's attack.
The eight-headed hydra bites you but does no damage.
The eight-headed hydra bites you!
You die...

.......... .........#
..§......## .......l..
### .P..§..§.####P..
#......§...#....
.......D.†......
.......@D.......
.#...§.....#### ###
#.........## ###.#
.P.......## ##....
..........## ####.....
...........#####.#......
.....<.....#...##......#
..........#.#........###
.....................#


You could see an eight-headed hydra and a seven-headed hydra (paralysed,
fleeing).

Vanquished Creatures
  An ironbound preserver (D:13)
  Fannar (D:12)
  3 boulder beetles
  4 hydras
  3 two-headed ogres
  A catoblepas (Lair:4)
  An oklob plant (Lair:3)
  2 ugly things
  3 cyclopes
  3 manticores
  3 elephants (Lair:1)
  7 black mambas
  Maurice (D:8)
  An unseen horror (D:12)
  12 cane toads
  8 komodo dragons
  A freezing wraith (D:13)
  A tengu conjurer (D:10)
  3 polar bears
  5 slime creatures (D:12)
  5 trolls
  Grinder (D:4)
  3 hornets
  8 dream sheep
  20 blink frogs
  A shadow (D:9)
  3 wyverns
  66 yaks
  3 basilisks
  2 wraiths
  A steam dragon (D:10)
  A vampire mosquito (D:10)
  Menkaure (D:6)
  2 nagas (Lair:3)
  An acid dragon (D:12)
  9 water moccasins
  Duvessa (D:4)
  3 black bears
  2 orc warriors
  2 sky beasts
  23 wolves
  An ogre (D:5)
  3 centaurs
  2 phantoms (D:5)
  3 kobold brigands
  10 bullfrogs
  5 scorpions
  3 wights (D:8)
  Dowan (D:4)
  10 killer bees
  An electric eel (Lair:3)
  2 jellies
  2 howler monkeys (D:9)
  A lava snake (D:9)
  3 hounds
  A gnoll bouda (Lair:2)
  6 orc priests
  Jessica (D:2)
  Terence (D:3)
  3 iguanas
  9 hell rats
  20 orc wizards
  A mummy (D:11)
  3 gnolls (D:5)
  4 adders
  2 ufetubi
  4 dart slugs
  44 orcs
  7 bats
  4 endoplasms
  3 giant cockroaches
  5 goblins
  8 hobgoblins
  4 jackals (D:2)
  2 quokkas
  4 ball pythons
  5 frilled lizards
  19 kobolds
  7 rats
436 creatures vanquished.

Vanquished Creatures (others)
  A boulder beetle (Lair:5)
  2 yaks (Lair:4)
  10 fungi
  11 plants
24 creatures vanquished.

Grand Total: 460 creatures vanquished

Notes
Turn   | Place    | Note
-------+----------+-------------------------------------------
     0 | D:1      | protoss039 the Demonspawn Earth Elementalist began the
                  | quest for the Orb.
     0 | D:1      | Reached XP level 1. HP: 13/13 MP: 3/3
   202 | D:1      | Gained mutation: You regenerate a little health from kills.
                  | [demonic ancestry]
   202 | D:1      | Reached XP level 2. HP: 8/20 MP: 0/5
   407 | D:1      | Reached skill level 1 in Fighting
  1233 | D:1      | Gained mutation: You have large cloven feet. [demonic
                  | ancestry]
  1233 | D:1      | Reached XP level 3. HP: 26/26 MP: 6/6
  1478 | D:1      | Learned a level 2 spell: Passwall
  1602 | D:2      | Reached skill level 1 in Transmutations
  1648 | D:2      | Reached skill level 1 in Armour
  1809 | D:2      | Noticed Jessica
  1813 | D:2      | Killed Jessica
  1814 | D:2      | Reached XP level 4. HP: 33/33 MP: 4/7
  1849 | D:2      | Found a hazy altar of Hepliaklqana.
  2765 | D:2      | Learned a level 3 spell: Stone Arrow
  3031 | D:3      | Found Totevor's Antique Weapon Boutique.
  3199 | D:3      | Noticed Terence
  3203 | D:3      | Killed Terence
  3204 | D:3      | Reached skill level 2 in Fighting
  3246 | D:3      | Gained mutation: Spells you cast may paralyse adjacent
                  | enemies. [demonic ancestry]
  3246 | D:3      | Reached XP level 5. HP: 36/38 MP: 9/9
  3724 | D:4      | Noticed Dowan
  3725 | D:4      | Noticed Duvessa
  4197 | D:4      | Identified the +10 long sword of Zoepepli {drain, *Noise
                  | rN++ Dex+6}
  4348 | D:4      | Killed Duvessa
  4349 | D:4      | Reached XP level 6. HP: 29/46 MP: 6/10
  4350 | D:4      | Killed Dowan
  4362 | D:4      | Reached skill level 3 in Fighting
  4665 | D:4      | Noticed Grinder
  4665 | D:4      | Noticed Edmund
  4688 | D:4      | Killed Grinder
  4689 | D:4      | Gained mutation: You regenerate health from kills. [demonic
                  | ancestry]
  4689 | D:4      | Reached XP level 7. HP: 52/52 MP: 10/12
  5152 | D:5      | Entered Level 5 of the Dungeon
  5170 | D:5      | Found a staircase to the Ecumenical Temple.
  5183 | Temple   | Entered the Ecumenical Temple
  5226 | Temple   | Became a worshipper of Vehumet
  5521 | D:5      | Found a hide-covered altar of Uskayaw.
  5546 | D:5      | Reached skill level 4 in Fighting
  5546 | D:5      | Reached skill level 1 in Conjurations
  5546 | D:5      | Gained mutation: You are partially covered in yellow
                  | scales. (AC +2) [demonic ancestry]
  5546 | D:5      | Reached XP level 8. HP: 60/60 MP: 10/14
  5579 | D:5      | Reached skill level 5 in Armour
  5844 | D:5      | Found a sacrificial altar of Ru.
  5845 | D:5      | Found a hazy altar of Hepliaklqana.
  5851 | D:5      | Found a basalt altar of Yredelemnul.
  5883 | D:5      | Found Puowkott's Jewellery Shoppe.
  6421 | D:6      | Reached * piety under Vehumet
  6421 | D:6      | Offered knowledge of Foxfire by Vehumet.
  6458 | D:6      | Found a burning altar of Makhleb.
  6513 | D:6      | Noticed Menkaure
  6752 | D:6      | Found a shimmering blue altar of Sif Muna.
  6752 | D:6      | Found a broken altar of Ashenzari.
  6819 | D:6      | Reached skill level 5 in Earth Magic
  6892 | D:6      | Killed Menkaure
  7450 | D:6      | Reached skill level 5 in Spellcasting
  8065 | D:7      | Reached skill level 5 in Fighting
  8323 | D:8      | Reached XP level 9. HP: 68/68 MP: 16/16
  8386 | D:8      | Offered knowledge of Magic Dart by Vehumet.
  8423 | D:8      | Reached ** piety under Vehumet
  8908 | D:8      | Noticed Maurice
  8917 | D:8      | Killed Maurice
  8918 | D:8      | Reached skill level 6 in Fighting
  9017 | D:8      | Found Koanig's Antique Weapon Boutique.
  9046 | D:8      | Reached skill level 5 in Conjurations
  9085 | D:8      | Offered knowledge of Static Discharge by Vehumet.
  9867 | D:8      | Bought a smoking rapier for 225 gold pieces
  9867 | D:8      | Identified the +5 rapier "Laops" {freeze, rC++ Str-5} (You
                  | bought it in a shop on level 8 of the Dungeon)
  9871 | D:8      | Learned a level 2 spell: Static Discharge
  9960 | D:9      | Reached *** piety under Vehumet
  9961 | D:9      | Gained mutation: You are mostly covered in yellow scales.
                  | (AC +3) [demonic ancestry]
  9961 | D:9      | Reached XP level 10. HP: 74/77 MP: 19/19
 10056 | D:9      | Found a shadowy altar of Dithmenos.
 10181 | D:9      | Reached skill level 1 in Air Magic
 11009 | D:10     | Entered Level 10 of the Dungeon
 11135 | D:10     | Found a staircase to the Orcish Mines.
 11558 | D:10     | Found a transporter.
 11559 | D:10     | Found a transporter.
 11559 | D:10     | Noticed a two-headed ogre
 11559 | D:10     | Noticed XSreality's ghost (journeyman MiBe)
 11560 | D:10     | Identified the +6 great mace of Icwouset {protect, rElec}
 11560 | D:10     | Noticed a two-headed ogre
 11562 | D:10     | Noticed a two-headed ogre
 11563 | D:10     | Noticed a two-headed ogre
 11565 | D:10     | Noticed a two-headed ogre
 11667 | D:10     | Reached skill level 7 in Fighting
 11793 | D:10     | Offered knowledge of Iskenderun's Mystic Blast by Vehumet.
 11799 | D:10     | Learned a level 4 spell: Iskenderun's Mystic Blast
 11871 | D:10     | Reached skill level 1 in Translocations
 12005 | D:10     | Noticed a two-headed ogre
 12011 | D:10     | Killed a two-headed ogre
 12146 | D:10     | Found a bloodstained altar of Trog.
 12175 | D:10     | Found a blossoming altar of Fedhas.
 12339 | D:10     | Noticed a manticore
 12342 | D:10     | Killed a manticore
 12343 | D:10     | Gained mutation: You have hoof-like feet. [demonic
                  | ancestry]
 12343 | D:10     | Reached XP level 11. HP: 68/84 MP: 21/21
 12346 | D:10     | Noticed a two-headed ogre
 12503 | D:10     | Killed a two-headed ogre
 13254 | D:11     | Noticed a purple ugly thing
 13261 | D:11     | Killed a purple ugly thing
 13349 | D:11     | Noticed a boulder beetle
 13370 | D:11     | Killed a boulder beetle
 13827 | D:11     | Found a staircase to the Lair.
 13841 | D:11     | Found a snail-covered altar of Cheibriados.
 13989 | D:12     | Noticed a red ugly thing
 13997 | D:12     | Killed a red ugly thing
 13998 | D:12     | Reached skill level 8 in Fighting
 14092 | D:12     | Noticed Fannar
 14102 | D:12     | Noticed a two-headed ogre
 14103 | D:12     | Killed Fannar
 14120 | D:12     | Killed a two-headed ogre
 14510 | D:12     | Found a sacrificial altar of Ru.
 14596 | D:12     | Reached **** piety under Vehumet
 14697 | D:12     | Found Tumoam's Armour Boutique.
 14707 | D:12     | Bought a +1 helmet of intelligence for 297 gold pieces
 14784 | D:12     | Noticed a boulder beetle
 14785 | D:12     | Noticed a four-headed hydra
 14801 | D:12     | Killed a four-headed hydra
 14804 | D:12     | Killed a boulder beetle
 14805 | D:12     | Gained mutation: Spells you cast may paralyse nearby
                  | enemies. [demonic ancestry]
 14805 | D:12     | Reached XP level 12. HP: 61/94 MP: 21/24
 15037 | D:13     | Noticed an eight-headed hydra
 15042 | D:13     | Killed an eight-headed hydra
 15097 | D:13     | Offered knowledge of Olgreb's Toxic Radiance by Vehumet.
 15098 | D:13     | Reached skill level 9 in Fighting
 15103 | D:13     | Learned a level 4 spell: Olgreb's Toxic Radiance
 15176 | D:13     | Noticed a boulder beetle
 15361 | D:13     | Reached skill level 1 in Fire Magic
 15361 | D:13     | Reached skill level 1 in Poison Magic
 15729 | D:13     | Killed a boulder beetle
 15759 | D:13     | Noticed a centaur warrior
 15794 | D:13     | Noticed an ironbound preserver
 15802 | D:13     | Killed an ironbound preserver
 15854 | D:13     | Noticed a boulder beetle
 15989 | Lair:1   | Entered Level 1 of the Lair of Beasts
 17502 | Lair:2   | Reached skill level 10 in Fighting
 17508 | Lair:2   | Reached XP level 13. HP: 103/103 MP: 23/26
 17579 | Lair:2   | Found a transporter.
 17589 | Lair:2   | Found a bloodstained altar of Trog.
 17612 | Lair:2   | Found a transporter.
 17918 | Lair:2   | Reached ***** piety under Vehumet
 17927 | Lair:2   | Reached skill level 10 in Earth Magic
 18145 | Lair:2   | Offered knowledge of Conjure Ball Lightning by Vehumet.
 18356 | Lair:2   | Noticed Haxyobbu's ghost (journeyman MiFi)
 18569 | Lair:2   | Learned a level 6 spell: Conjure Ball Lightning
 18869 | Lair:3   | Reached skill level 10 in Spellcasting
 19091 | Lair:3   | Found a staircase to the Snake Pit.
 19416 | Lair:3   | Reached skill level 10 in Conjurations
 19475 | Lair:3   | Found a staircase to the Swamp.
 20554 | Lair:4   | Reached skill level 11 in Fighting
 21084 | Lair:4   | Found a viscous altar of Jiyva.
 21085 | Lair:4   | Found a staircase to the Slime Pits.
 21435 | Lair:5   | Entered Level 5 of the Lair of Beasts
 21453 | Lair:5   | Gained mutation: Spells you cast and wands you use may
                  | paralyse nearby enemies. [demonic ancestry]
 21453 | Lair:5   | Reached XP level 14. HP: 113/113 MP: 26/28
 21628 | Lair:5   | Offered knowledge of Ozocubu's Refrigeration by Vehumet.
 21732 | Lair:5   | HP: 1/113 [eight-headed hydra (9)]
 21733 | Lair:5   | Mangled by an eight-headed hydra

Illustrated notes

Levels and vault maps discovered:
D:1:      doesnt_arrival_eight_statues, layout_loops_ring, serial_forest,
          infiniplex_forest_clump_C, infiniplex_forest_3_way,
          infiniplex_forest_lined_room_, infiniplex_forest_end_double,
          minmay_misc_feat_plants, minmay_liquid_box, chequers_jeans
D:2:      layout_basic, basic_altar, uniq_jessica
D:3:      layout_basic, serial_shops, shop_fountains, grunt_decor_cap,
          uniq_terence
D:4:      layout_gridville, minivault_24, grunt_decor_fettered, uniq_duvessa,
          uniq_edmund, uniq_grinder
D:5:      layout_basic, gammafunk_temple_overflow_forgotten,
          mainiacjoe_overflow_six_doors_small, mainiacjoe_overflow_brackets,
          minmay_temple_entry_offerings, serial_shops, nicolae_shop_stone
D:6:      layout_basic, mainiacjoe_overflow_divided_tiny, amcnicky_altar_gilded,
          uniq_menkaure
D:7:      layout_loops_ring
D:8:      layout_basic, serial_shops, nicolae_shop_statue_plus,
          kennysheep_generic_room_11, uniq_maurice
D:9:      layout_roguey, mainiacjoe_overflow_small_starburst,
          nicolae_lava_and_water
D:10:     kennysheep_blocky_room, layout_loops_corners,
          mainiacjoe_overflow_big_doors, orc_0_dummy, gammafunk_ghost_smash,
          nicolae_figureground_sparkle
D:11:     layout_roguey, lair_entry_dummy, slow_altar_2
D:12:     layout_rooms, serial_shops, nicolae_shop_crystal,
          nicolae_ru_the_path_less_chosen, uniq_fannar
D:13:     layout_gridville, skrybe_vaults_entry_preservation,
          minmay_the_grid_square_5x5_3x3_mashed
          [minmay_the_grid_square_5x5_empty,
          minmay_the_grid_square_5x5_checkered_statues,
          minmay_the_grid_square_5x5_empty, minmay_the_grid_square_5x5_inner_z,
          minmay_the_grid_square_5x5_megaprize_crossed,
          minmay_the_grid_square_5x5_fat_x,
          minmay_the_grid_square_5x5_minivault,
          minmay_the_grid_square_5x5_minibox, minmay_the_grid_square_5x5_comb]
Temple:   hellmonk_temple_of_storms
Lair:1:   layout_hall_layers, grunt_megastairs_2, serial_bayou_shore_b
Lair:2:   layout_big_grid, gammafunk_ghost_wrathful_warriors,
          dreamdust_gnoll_shepherd
Lair:3:   layout_regular_city, swamp_mist, guppyfry_snake_entry_island,
          serial_bayou_pond_c, infiniplex_staircase_pool
Lair:4:   layout_regular_city, dpeg_slime_entry_enclosed
Lair:5:   evilmike_catoblepas_cave, layout_hall_layers, bobbens_ice_dragon_lair,
          lemuel_fruit_tree

Skill      XL: |  1  2  3  4  5  6  7  8  9 10 11 12 13 |
---------------+----------------------------------------+-----
Fighting       | 1 2 3 4 5 6 7 8 10 11 | 11.2
Earth Magic    | 3 4 5 6 7 8 9 10 | 10.7
Transmutations | 1 3 |  3.0
Armour         | 1 2 3 4 6 |  6.9
Spellcasting   | 3 4 5 6 7 8 9 10 | 10.4
Conjurations   | 1 2 5 6 7 9 10 | 10.4
Stealth        | 3 |  3.0
Dodging        | 3 |  3.0
Air Magic      | 3 4 |  4.4
Translocations | 2 3 |  3.0
Fire Magic     | 3 |  3.0
Poison Magic   | 3 4 |  4.7

Action                   |  1- 3 |  4- 6 |  7- 9 | 10-12 | 13-15 || total
-------------------------+-------+-------+-------+-------+-------++-------
Melee: Unarmed           |     8 |       |       |       |       ||     8
       Punch             |     1 |       |     2 |     5 |       ||     8
       Dagger            |    87 |     6 |       |    45 |    46 ||   184
       Kick              |     3 |    21 |    11 |       |       ||    35
       Whip              |       |    86 |    97 |    28 |       ||   211
 Cast: Sandblast         |    29 |    30 |   155 |    59 |    27 ||   300
       Passwall          |       |       |     4 |     4 |       ||     8
       Stone Arrow       |       |       |    24 |   197 |   109 ||   330
       Static Discharge  |       |       |     1 |       |       ||     1
       Olgreb's Toxic Ra |       |       |       |    14 |    34 ||    48
       Iskenderun's Myst |       |       |       |    14 |    33 ||    47
Evoke: Wand              |       |       |       |     8 |     2 ||    10
  Use: Scroll            |       |     2 |     1 |     3 |     9 ||    15
       Potion            |       |       |       |     2 |       ||     2
 Stab: Paralysed         |       |    13 |    63 |    34 |    10 ||   120
Armor: Robe              |     6 |       |       |       |       ||     6
       Ring mail         |    34 |    36 |    76 |    12 |       ||   158
       Steam dragon scal |       |       |       |    49 |    66 ||   115
Dodge: Dodged            |    66 |    68 |    73 |    90 |    74 ||   371
Block: Other             |       |       |    20 |    41 |    38 ||    99
       Reflection        |       |       |     4 |     3 |       ||     7
